 Dungeon Crawl Stone Soup version 0.28.0-47-ge53b351184 (webtiles) character file.

Game seed: 565823495572792091

12 NinjaNoafa the Firebug (level 2, 20/20 HPs)
             Began as a Demigod Fire Elementalist on May 2, 2022.
             Quit the game on level 2 of the Dungeon.
             The game lasted 00:01:28 (1081 turns).

NinjaNoafa the Firebug (Demigod Fire Elementalist)  Turns: 1081, Time: 00:01:28

Health: 20/20      AC:  4    Str:  9    XL:     2   Next: 9%
Magic:  7/7        EV: 12    Int: 17    God:
Gold:   73         SH:  0    Dex: 14    Spells: 3/4 levels left

rFire   . . .      SeeInvis .   (no weapon)
rCold   . . .      Faith    .   (no shield)
rNeg    . . .      Spirit   .   a - +0 robe
rPois   .          Reflect  .   (no helmet)
rElec   .          Harm     .   h - +0 cloak
rCorr   .          Rampage  .   (no gloves)
Will    .....                   b - +0 pair of boots
Stlth   ++........              (no amulet)
HPRegen 0.06/turn               (no ring)
MPRegen 0.10/turn               (no ring)

@: no status effects
A: high MP 1, forlorn, divine attributes
a: no special abilities


You were on level 2 of the Dungeon.
You visited 1 branch of the dungeon, and saw 2 of its levels.

You collected 73 gold pieces.

Inventory:

Missiles
 f - 6 javelins (quivered)
Armour
 a - a +0 robe (worn)
 b - a +0 pair of boots (worn)
 h - a +0 cloak (worn)
Scrolls
 d - a scroll of teleportation {unknown}
 e - a scroll of identify {unknown}
 g - a scroll of fog {unknown}
Potions
 c - a potion of attraction {unknown}


   Skills:
 + Level 1.8 Dodging
 + Level 2.0 Stealth
 + Level 1.8 Spellcasting
 * Level 1.2 Conjurations
 * Level 2.9 Fire Magic


You had 3 spell levels left.
You knew the following spells:

 Your Spells              Type           Power      Damage    Failure   Level
a - Foxfire               Conj/Fire      32%        2x1d5     9%          1

Your spell library contained the following spells:

 Spells                   Type           Power      Damage    Failure   Level
 Scorch                   Fire           22%        2d6       9%          2
 Conjure Flame            Conj/Fire      8%         6-21      26%         3
 Inner Flame              Hex/Fire       6%         N/A       32%         3
 Flame Wave               Conj/Fire      8%         2d5       63%         4


Dungeon Overview and Level Annotations

Branches:
Dungeon (2/15)

Shops:
D:2 (


Innate Abilities, Weirdness & Mutations

You have an increased reservoir of magic. (+10% MP)
You shall have no god before yourself.
Your divine heritage dramatically boosts your attributes as you level up.


Message History

The ball python hisses angrily.
You throw a javelin.
The javelin barely misses the ball python.
You throw a javelin.
The javelin pierces through the ball python.
You kill the ball python!
f - 4 javelins (gained 1)
f - 6 javelins (gained 2)
There is an open door here.
Key pressed, stopping explore.
g - a scroll labelled IZACRO ONUIFUMP You open the door.
There is an open door here.
Done exploring.
(D) Dungeon
Where to? (? - help)
What level of the Dungeon? (default 1, ? - help)
There is an open door here.
You see here 11 arrows.
You open the door.
There is an open door here.
There is an open door here.
There is a stone staircase leading down here.
You climb downwards.
Found 16 sling bullets.
There is a stone staircase leading up here.
You open the door.
There is an open door here.
You now have 73 gold pieces (gained 15).
Found a cloak.
You open the door.
Found Vaedwuc's Antique Weapon Shop.
Found a stone staircase leading down.
You see here a +0 cloak.
h - a +0 cloak You start putting on your armour.
You continue putting on your +0 cloak. x4
You finish putting on your +0 cloak.
There is an open door here.
There is an entrance to Vaedwuc's Antique Weapon Shop here.
Are you sure you want to abandon this character and quit the game? (Confirm with "yes".)

.. #.###.##... .
#.#......# .
#.#...####.#
#.#..........#
#.###...#############
##....................
#.....################
+...#'# .......'
#...+@+ ######## #..
#+# # #.. # ## #


There were no monsters in sight!

Vanquished Creatures
  A dart slug (D:1)
  2 giant cockroaches (D:1)
  2 hobgoblins (D:1)
  A quokka (D:1)
  A ball python (D:1)
  3 rats (D:1)
10 creatures vanquished.

Vanquished Creatures (others)
  32 foxfires (D:1)
32 creatures vanquished.

Grand Total: 42 creatures vanquished

Notes
Turn   | Place    | Note
-------+----------+-------------------------------------------
     0 | D:1      | NinjaNoafa the Demigod Fire Elementalist began the quest
                  | for the Orb.
     0 | D:1      | Reached XP level 1. HP: 14/14 MP: 5/5
    98 | D:1      | Reached skill level 1 in Conjurations
   627 | D:1      | Reached XP level 2. HP: 20/20 MP: 7/7
  1060 | D:2      | Found Vaedwuc's Antique Weapon Shop.
  1081 | D:2      | Quit the game

Illustrated notes

Levels and vault maps discovered:
D:1:      minmay_arrival_plants_in_alcoves, layout_basic
D:2:      layout_basic, serial_shops, nicolae_shop_behind_doors,
          dreamdust_ecumenical_altar_grove

Skill      XL: |  1 |
---------------+----+-----
Conjurations   | 1 |  1.2
Stealth        | 2 |  2.0
Dodging        | |  1.8
Spellcasting   | |  1.8
Fire Magic     | |  2.9

Action                   || total
-------------------------++-------
Throw: Javelin           ||     6
 Cast: Foxfire           ||    20
Armor: Robe              ||     1
Dodge: Dodged            ||     5
